 Dungeon Crawl Stone Soup version 0.29.1-1-gd02db6906a (webtiles) character file.

Game seed: 14269204989322357933

1223 Linkola the Covered (level 8, -4/102 HPs)
             Began as a Minotaur Fighter on Sept 29, 2022.
             Was an Initiate of Gozag.
             Slain by a gnoll sergeant
             ... wielding a +2 vorpal trident
              (5 damage)
             ... on level 6 of the Dungeon.
             The game lasted 00:12:27 (4436 turns).

Linkola the Covered (Minotaur Fighter)              Turns: 4436, Time: 00:12:28

Health: -4/102     AC: 24    Str: 23    XL:     8   Next: 23%
Magic:  7/7        EV:  2    Int:  5    God:    Gozag
Gold:   228        SH:  5    Dex: 10    Spells: 7/7 levels left

rFire   + . .      SeeInvis .   a - +0 flail
rCold   + . .      Faith    .   c - +0 buckler
rNeg    + . .      Spirit   .   (body armour currently unavailable)
rPois   +          Reflect  .   (helmet currently unavailable)
rElec   +          Harm     .   (cloak currently unavailable)
rCorr   +          Rampage  .   (gloves currently unavailable)
Will    .....      NoTele   +   (boots currently unavailable)
Stlth   +.........              (no amulet)
HPRegen 0.27/turn               g - ring of positive energy
MPRegen 0.10/turn               (no ring)

@: mighty, brilliant, tree-form, resistant, gold aura
A: stationary, stasis, torment immunity, boosted hp, (horns 2), (retaliatory
headbutt)
a: Renounce Religion, Potion Petition, Call Merchant, Bribe Branch


You were on level 6 of the Dungeon.
You worshipped Gozag.
Gozag was aware of your devotion.
You were a tree.
You visited 1 branch of the dungeon, and saw 6 of its levels.

You collected 268 gold pieces.
You paid 40 gold pieces to Gozag.

Inventory:

Hand Weapons
 a - a +0 flail (weapon)
Missiles
 k - 10 stones (quivered)
 q - 5 poisoned darts
 x - 2 boomerangs
Armour
 c - a +0 buckler (worn)
 l - a +0 chain mail (melded)
Jewellery
 f - a ring of positive energy
 g - a ring of positive energy (left branch)
 n - a +4 ring of protection
 u - a ring of resist corrosion
Wands
 t - a wand of light (11)
 w - a wand of roots (14)
Scrolls
 e - a scroll of poison
 j - a scroll of brand weapon {unknown}
 p - a scroll of noise {unknown}
 s - 2 scrolls of magic mapping
 y - a scroll of enchant armour {unknown}
 z - a scroll of enchant weapon {unknown}
Potions
 b - a potion of curing
 h - 2 potions of lignification
 i - a potion of ambrosia
 r - 2 potions of brilliance


   Skills:
 + Level 5.2 Fighting
 + Level 6.0 Maces & Flails
 * Level 4.1 Throwing
 + Level 6.6 Armour
 * Level 4.3 Dodging
 + Level 4.9 Shields


You had 7 spell levels left.
You didn't know any spells.
Your spell library contained the following spells:

 Spells                   Type           Power      Damage    Failure   Level
 Static Discharge         Conj/Air       0%         3-3/arc   71%         2
 Portal Projectile        Hex/Tloc       0%         N/A       90%         3
 Tukima's Dance           Hex            0%         N/A       90%         3
 Blade Hands              Tmut           0%         N/A       100%        5
 Lightning Bolt           Conj/Air       0%         1d11      100%        5
 Maxwell's Capacitive Co  Air            0%         ∞         100%        8


Dungeon Overview and Level Annotations

Branches:
Dungeon (6/15)
 Temple: D:4-7

Altars:
Dithmenos
Gozag
Kikubaaqudgha
Uskayaw
Zin
The Shining One

Shops:
D:3 !=!


Innate Abilities, Weirdness & Mutations

You are a tree.
Your roots penetrate the ground, keeping you stationary.
You cannot be teleported.
You are immune to unholy pain and torment.
Your maximum health is greatly increased.
Your equipment is partially melded.
((You have a pair of horns on your head.))
((You reflexively headbutt those who attack you in melee.))


Message History

* * * LOW HITPOINT WARNING * * *
x2 You feel better.
The gnoll is distracted by your dazzling golden aura.
The gnoll hits you from afar with a +0 halberd.
* * * LOW HITPOINT WARNING * * *
The kobold hits you but does no damage.
The gnoll sergeant hits you from afar with a +2 vorpal trident.
* * * LOW HITPOINT WARNING * * *
x2 The gnoll shouts!
You closely miss the kobold.
The gnoll hits you from afar with a +0 halberd.
* * * LOW HITPOINT WARNING * * *
You block the kobold's attack.
The gnoll sergeant is distracted by your dazzling golden aura.
You barely miss the kobold.
The gnoll sergeant shouts!
The kobold hits you with a +0 whip.
* * * LOW HITPOINT WARNING * * *
You block the gnoll's attack.
You hit the kobold.
You kill the kobold!
The gnoll hits you but does no damage. x2
You barely miss the gnoll.
The gnoll is no longer distracted by gold.
You block the gnoll's attack. x2
You hit the gnoll.
The gnoll is moderately wounded.
The gnoll sergeant is no longer distracted by gold.
The gnoll hits you but does no damage.
The gnoll hits you from afar with a +0 halberd.
* * * LOW HITPOINT WARNING * * *
The gnoll sergeant hits you from afar with a +2 vorpal trident.
* * * LOW HITPOINT WARNING * * *
x2 You hit the gnoll.
The gnoll is heavily wounded.
The gnoll hits you but does no damage.
The gnoll throws a throwing net.
The throwing net barely misses you.
The gnoll sergeant hits you from afar with a +2 vorpal trident.
You die...
Your body crumbles into a pile of gold.

*,,,,,, *,***** *,*
**##***,****
##*****...,,,,,,,*
#.,,,,..##,**,,*,*
***######.**,.....,**,,*,*
*,,......$##g.....,,,,,*,**
*,**#....$♣$....#****,,,,,,
#.###.##gg####.## ****,**
#)........#***,* *,,,,
****#$###.,$,,,* *,,,, #.#
##**##+#* *,,,, #.# ##...##
*,,,, #####.# ##.....##
*,,,, #.....## ##.......##
**,,*
#.#....###.........#***,,,*


You could see a gnoll sergeant and 2 gnolls.

Vanquished Creatures
  Menkaure (D:5)
  Duvessa (D:5)
  2 water moccasins (D:5)
  An ice beast (D:5)
  A phantom (D:6)
  A kobold brigand (D:6)
  A bullfrog (D:5)
  A necrophage (D:5)
  Dowan (D:5)
  A hound (D:5)
  Natasha (thrice) (D:2)
  3 orc wizards (D:5)
  9 adders
  2 gnolls (D:6)
  A worm (D:2)
  The ghost of asdu the Sneak, a weakling NaDe (D:5)
  3 dart slugs
  6 orcs
  4 bats
  6 endoplasms
  5 giant cockroaches
  3 goblins
  5 hobgoblins
  7 jackals (D:3)
  13 kobolds
  3 quokkas
  5 ball pythons
  3 frilled lizards
  8 rats
101 creatures vanquished.

Vanquished Creatures (others)
  3 withered plants (D:3)
3 creatures vanquished.

Grand Total: 104 creatures vanquished

Notes
Turn   | Place    | Note
-------+----------+-------------------------------------------
     0 | D:1      | Linkola the Minotaur Fighter began the quest for the Orb.
     0 | D:1      | Reached XP level 1. HP: 19/19 MP: 0/0
   211 | D:1      | Reached XP level 2. HP: 24/27 MP: 1/1
   615 | D:1      | Found a faded altar of an unknown god.
   887 | D:2      | You fall into a shaft and drop 2 floors!
   901 | D:3      | Noticed a +0 falchion
   901 | D:3      | Noticed a +0 short sword
   901 | D:3      | Noticed a +0 spear
   901 | D:3      | Noticed a +0 short sword
   901 | D:3      | Noticed a +0 falchion
   901 | D:3      | Noticed a +0 dagger
   901 | D:3      | Noticed a +0 spear
   901 | D:3      | Noticed a +0 dagger
   902 | D:3      | Found a hide-covered altar of Uskayaw.
   912 | D:3      | Reached XP level 3. HP: 29/33 MP: 2/2
   929 | D:3      | Reached skill level 1 in Dodging
  1162 | D:2      | Reached skill level 1 in Throwing
  1181 | D:2      | Noticed Natasha
  1190 | D:2      | Killed Natasha
  1191 | D:2      | Reached XP level 4. HP: 38/40 MP: 3/3
  1353 | D:2      | Noticed Natasha
  1364 | D:2      | Killed Natasha
  1414 | D:2      | Noticed Natasha
  1423 | D:2      | Killed Natasha
  1424 | D:2      | Reached XP level 5. HP: 35/46 MP: 4/4
  1754 | D:3      | Found Biots's Distillery.
  1779 | D:3      | Found an ancient bone altar of Kikubaaqudgha.
  2071 | D:3      | Found Ykol's Distillery.
  2107 | D:3      | Found Ottopistrim's Jewellery Boutique.
  2971 | D:5      | Entered Level 5 of the Dungeon
  2971 | D:5      | Found a glowing golden altar of the Shining One.
  2975 | D:5      | Reached XP level 6. HP: 52/52 MP: 5/5
  3010 | D:5      | Found an opulent altar of Gozag.
  3010 | D:5      | Found a glowing silver altar of Zin.
  3032 | D:5      | Became a worshipper of Gozag Ym Sagoz the Greedy
  3075 | D:5      | Found a large runed translucent door.
  3075 | D:5      | Found a large runed translucent door.
  3079 | D:5      | Noticed asdu's ghost (weakling NaDe)
  3327 | D:5      | Noticed a water moccasin
  3330 | D:5      | Noticed an ice beast
  3332 | D:5      | Killed a water moccasin
  3333 | D:5      | Reached skill level 5 in Maces & Flails
  3333 | D:5      | Reached skill level 5 in Armour
  3345 | D:5      | Killed an ice beast
  3346 | D:5      | Reached XP level 7. HP: 30/60 MP: 6/6
  3380 | D:5      | Found a shadowy altar of Dithmenos.
  3655 | D:5      | Noticed Duvessa
  3655 | D:5      | Noticed Dowan
  3669 | D:5      | Killed Duvessa
  3676 | D:5      | Killed Dowan
  4005 | D:5      | Noticed Menkaure
  4008 | D:5      | Killed Menkaure
  4009 | D:5      | Reached skill level 5 in Fighting
  4009 | D:5      | Reached XP level 8. HP: 64/68 MP: 7/7
  4266 | D:5      | Killed asdu's ghost
  4422 | D:6      | HP: 3/102 [gnoll/+0 halberd[a gnoll sergeant] (3)]
  4435 | D:6      | HP: 5/102 [gnoll/+0 halberd[a gnoll sergeant] (6)]
  4435 | D:6      | HP: 2/102 [gnoll sergeant/+2 vorpal trident (3)]
  4436 | D:6      | Slain by a gnoll sergeant

Illustrated notes

Levels and vault maps discovered:
D:1:      grunt_arrival_lava_bath, layout_basic,
          ebering_ecumenical_altar_sacrificial
D:2:      layout_loops_ring, uniq_natasha
D:3:      layout_basic, kiku_gazebo_garden_becter, nicolae_uskayaw_en_pointe,
          serial_shops, nicolae_shop_temple_entry_statues_fountains, shop, shop
D:4:      layout_loops_ring
D:5:      layout_basic, grunt_temple_overflow_gold_and_silver,
          mainiacjoe_overflow_catwalk, mainiacjoe_overflow_tiny_flanked,
          ebering_ghost_disaster_area, minmay_misc_feat_more_columns,
          uniq_menkaure, uniq_duvessa
D:6:      layout_loops_corners, serial_shops,
          nicolae_shop_competitors_out_of_business, nicolae_ossuary_entry_ruins,
          serial_bayou_lagoon_b

Skill      XL: |  1  2  3  4  5  6  7  8 |
---------------+-------------------------+-----
Shields        | 4 |  4.9
Fighting       | 4 5 |  5.2
Dodging        | 1 2 3 4 |  4.3
Throwing       | 1 2 3 4 |  4.1
Armour         | 4 5 6 |  6.6
Maces & Flails | 3 4 5 6 |  6.0

Action                   |  1- 3 |  4- 6 |  7- 9 || total
-------------------------+-------+-------+-------++-------
Melee: Flail             |    87 |   104 |    59 ||   250
       Headbutt          |     8 |    14 |    10 ||    32
Throw: Dart              |    10 |     5 |       ||    15
       Stone             |     2 |    20 |       ||    22
       Javelin           |       |     5 |     6 ||    11
  Use: Scroll            |     3 |     3 |     2 ||     8
       Potion            |       |       |     7 ||     7
Armor: Scale mail        |    21 |       |       ||    21
       Chain mail        |    40 |    59 |    38 ||   137
       Skin              |       |       |    22 ||    22
Dodge: Dodged            |    36 |    50 |    31 ||   117
Block: Buckler           |    19 |    22 |    20 ||    61
